AoeStats
← chaquin_7

Oasis

510254678Analyzed
2v2 RM · 18h ago on Sep 30, 2026· 52m 21s· 4 players
Game mode
Random Map
Map size
Medium (4 player)
Population
200
Speed
Normal
Resources
Standard
Victory
Conquest
Starting age
Dark Age
Ending age
Imperial Age
RankedLock teamsTeams togetherTeam positionsShared explorationLock speedFull tech treeHidden civsTurbo modeCheats
Victory
Defeat
🇵🇦 Ethiopians · Panama
1288
+15
🇲🇽 Sicilians · Mexico
1143
+20
🇺🇸 Britons · United States
1290
-19
🇬🇧 Ethiopians · United Kingdom
1222
-16
Juanfreelance
3:30 Loom
10:18 Feudal Age
12:14 Double-Bit Axe
12:11 Horse Collar
22:10 Castle Age
20:04 Gold Mining
21:32 Fletching
21:43 Padded Archer Armor
22:13 Crossbowman
24:03 Bodkin Arrow
27:19 Leather Archer Armor
27:18 Bow Saw
28:47 Wheelbarrow
28:53 Thumb Ring
36:34 Hand Cart
38:49 Town Watch
42:28 Imperial Age
40:26 Ballistics
42:22 Elite Skirmisher
46:49 Chemistry
46:23 Ring Archer Armor
45:54 Bracer
45:37 Arbalester
48:58 Two-Man Saw
chaquin_7
0:34 Loom
12:05 Feudal Age
12:59 Town Watch
25:34 Town Watch
28:47 Castle Age
30:35 Double-Bit Axe
31:24 Horse Collar
31:43 Gold Mining
34:48 Forging
34:44 Scale Barding Armor
36:30 Bloodlines
36:21 Husbandry
37:00 Iron Casting
40:41 Imperial Age
40:32 Chain Barding Armor
40:43 Cavalier
42:26 Blast Furnace
42:34 Hauberk
43:44 Plate Barding Armor
MidlifeComet590
0:51 Loom
12:10 Feudal Age
17:04 Castle Age
17:54 Fletching
24:46 Wheelbarrow
24:46 Bodkin Arrow
27:31 Padded Archer Armor
28:12 Double-Bit Axe
30:53 Leather Archer Armor
31:54 Ballistics
33:47 Bow Saw
33:20 Horse Collar
33:34 Gold Mining
33:34 Stone Mining
35:48 Hand Cart
35:35 Heavy Plow
37:10 Gold Shaft Mining
41:14 Imperial Age
40:16 Yeomen
40:24 Town Watch
40:53 Crossbowman
40:56 Pikeman
41:36 Squires
41:24 Arson
43:02 Chemistry
42:22 Bracer
43:15 Warwolf
44:50 Conscription
44:23 Elite Skirmisher
44:24 Arbalester
46:37 Halberdier
47:53 Ring Archer Armor
47:25 Scale Mail Armor
ageofcardiff
5:08 Loom
11:52 Feudal Age
16:16 Castle Age
15:24 Double-Bit Axe
17:06 Bow Saw
16:55 Horse Collar
19:53 Fletching
20:05 Crossbowman
21:29 Bodkin Arrow
21:58 Padded Archer Armor
24:25 Elite Skirmisher
31:58 Wheelbarrow
35:54 Ballistics
36:13 Leather Archer Armor
36:27 Gold Mining
37:01 Hand Cart
39:25 Imperial Age
37:32 Stone Mining
39:35 Gold Shaft Mining
39:36 Stone Shaft Mining
39:26 Arbalester
40:09 Bracer
41:24 Chemistry
40:47 Heavy Plow
40:37 Town Watch
42:22 Thumb Ring
43:43 Conscription
44:59 Ring Archer Armor
44:31 Scale Mail Armor
44:41 Forging
46:26 Royal Heirs
46:38 Torsion Engines
47:01 Siege Engineers
Connection lost

Rejoining the realm…

Still unreachable

The connection could not be restored.

Session expired

The server has moved on; the page needs a fresh start.